 Dungeon Crawl Stone Soup version 0.18.1-50-g88ac8fd (webtiles) character file.

36 kurovuster the Poker (level 3, -4/22 HPs)
             Began as a Gargoyle Gladiator on Oct 22, 2016.
             Slain by a gnoll
             ... wielding a +0 spear
              (6 damage)
             ... on level 2 of the Dungeon.
             The game lasted 00:07:10 (987 turns).

kurovuster the Poker (Gargoyle Gladiator)            Turns: 987, Time: 00:07:10

Health: -4/22      AC:  8    Str: 19    XL:     3   Next: 37%
Magic:  3/3        EV: 12    Int:  8    God:
Gold:   62         SH:  0    Dex: 10    Spells: 0 memorised, 2 levels left

rFire  . . .     SeeInvis .     a - +0 trident
rCold  . . .     Gourm    .     b - +0 leather armour
rNeg   + . .     Faith    .     (no shield)
rPois  ∞         Spirit   .     c - +1 helmet
rElec  +         Dismiss  .     (no cloak)
rCorr  .         Reflect  .     (no gloves)
SustAt .         Harm     .     (no boots)
MR     .....                    (no amulet)
Stlth  +.........               (no ring)
                                (no ring)

@: not resistant to hostile enchantments, very unstealthy
A: negative energy resistance 1, electricity resistance, unbreathing,
petrification resistance, rot immunity, AC +3
a: no special abilities


You were on level 2 of the Dungeon.
You were not hungry.

You visited 1 branch of the dungeon, and saw 2 of its levels.

You collected 68 gold pieces.
You donated 6 gold pieces to Zin.

Inventory:

Hand Weapons
 a - a +0 trident (weapon)
Missiles
 d - 3 throwing nets (quivered)
Armour
 b - a +0 leather armour (worn)
 c - a +1 helmet (worn)
 m - a +0 troll leather armour
Scrolls
 i - a scroll of identify
 o - a scroll of immolation
 r - a scroll of blinking {unknown}
Potions
 e - 2 potions of lignification
 g - a potion of berserk rage {unknown}
 h - a potion of curing {unknown}
 k - a potion of degeneration {unknown}
 q - a potion of flight {unknown}
Comestibles
 f - a bread ration
 j - a fruit
 l - a beef jerky


   Skills:
 + Level 2.3 Fighting
 + Level 3.1 Polearms
 + Level 2.0 Throwing
 + Level 0.2 Armour
 + Level 3.0 Dodging


You had 2 spell levels left.
You didn't know any spells.

Dungeon Overview and Level Annotations

Branches:
Dungeon (2/15)

Altars:
Ashenzari
Cheibriados
Dithmenos
Makhleb
Pakellas
Trog
Zin


Innate Abilities, Weirdness & Mutations

You are resistant to torment.
Your stone body is resilient (AC +3).
You are immune to poison.
You resist negative energy.
You are resistant to electric shocks.
You can survive without breathing.
You are immune to petrification.
You are immune to rotting.


Message History

The gnoll is moderately wounded.
The gnoll barely misses you. The gnoll hits you but does no damage.
You closely miss the gnoll.
The gnoll is moderately wounded.
The gnoll barely misses you.
The gnoll hits you from afar with a spear.
You hit the gnoll.
The gnoll is heavily wounded.
The gnoll barely misses you.
The gnoll hits you from afar with a spear.
You puncture the gnoll!
You kill the gnoll!
Your Dodging skill increases to level 3!
The gnoll hits you from afar with a spear.
You puncture the gnoll!
The gnoll is almost dead.
The gnoll hits you.
* * * LOW HITPOINT WARNING * * *
The gnoll hits you from afar with a spear.
You die... ##.# #... #..# #..# #..# gg#

# #####g# #.
#...#@# ##
##.###.#.#.###
.###
.........>((.#
.._#
#####.#.#.(.#.##
...#
...#..........#
#..#
#.###........#
...#
#........###.#
...#####........#
.#
#..#............#
#


You could see 3 gnolls.

Vanquished Creatures
  A gnoll (D:2)
  2 giant geckos
  3 giant cockroaches (D:1)
  3 goblins
  5 hobgoblins (D:1)
  2 kobolds (D:1)
  A quokka (D:2)
  3 rats (D:1)
20 creatures vanquished.

Notes
Turn   | Place    | Note
--------------------------------------------------------------
     0 | D:1      | kurovuster the Gargoyle Gladiator began the quest for the Orb.
     0 | D:1      | Reached XP level 1. HP: 12/12 MP: 1/1
   221 | D:1      | Reached XP level 2. HP: 17/17 MP: 2/2
   587 | D:2      | Found a faded altar to an unknown god.
   637 | D:2      | Became a worshipper of Zin the Law-Giver
   637 | D:2      | Reached * piety under Zin
   657 | D:2      | Fell from the grace of Zin
   695 | D:2      | Found a burning altar of Makhleb.
   695 | D:2      | Found a glowing silver altar of Zin.
   695 | D:2      | Found a snail-covered altar of Cheibriados.
   695 | D:2      | Found a shadowy altar of Dithmenos.
   708 | D:2      | Found a shattered altar of Ashenzari.
   708 | D:2      | Found a bloodstained altar of Trog.
   808 | D:2      | Reached XP level 3. HP: 21/21 MP: 3/3
   855 | D:2      | Found an oddly glowing altar of Pakellas.
   987 | D:2      | Slain by a gnoll

Skill      XL: |  1  2  3 |
---------------+----------+-----
Polearms       | 3 |  3.1
Throwing       | 2 |  2.0
Dodging        | 3 |  3.0
Fighting       | |  2.3
Armour         | |  0.2

Action                   || total
-------------------------++-------
Melee: Trident           ||    72
Invok: Renounce Religion ||     1
  Use: Scroll            ||     5
Armor: Leather armour    ||    24
Dodge: Dodged            ||    53
